Map: Hard Lead LE

Players

Xombo - Winner!

  • Race: Protoss Protoss
  • League: Platinum
  • Spawn Location: 5:00

Subwayeatn

  • Race: Zerg Zerg
  • League: Platinum
  • Spawn Location: 11:00

VOD

Have the link to the VOD?

Description

Time

  • Played on: Nov. 4, 2023, 6:18 p.m.
  • Length: 3:24
Show
View Real Time Build Order
Export as new Build Order

Xombo Protoss - Winner!

Build Orders:  

Get SALT Encoding   

  12  0:00  Probe  
  13  0:19  Probe  
  14  0:22  Pylon  
  14  0:32  Probe  
  15  0:44  Probe (Chrono Boost)  
  15  0:48  Forge  
  16  0:57  Probe (Chrono Boost)  
  17  1:02  Probe (Chrono Boost)  
  18  1:07  Gateway  
  18  1:10  Assimilator  
  18  1:21  Pylon  
  18  1:33  Photon Cannon  
  18  1:38  Photon Cannon  
  18  1:55  Zealot  
  18  2:01  Photon Cannon  
  20  2:08  Cybernetics Core  
  20  2:20  Pylon  
  20  2:29  Probe  
  21  2:30  Photon Cannon  
  21  2:38  Pylon  
  21  2:50  Probe  
  24  3:14  Pylon  
  24  3:21  Assimilator  
Show
View Real Time Build Order
Export as new Build Order

Subwayeatn Zerg 

Build Orders: Pool First 

Get SALT Encoding   

  12  0:00  Drone  
  13  0:09  Drone  
  13  0:13  Extractor  
  13  0:28  Spawning Pool  
  12  1:12  Hatchery  
  12  1:17  Queen  
  13  1:28  Overlord  
  13  1:40  Metabolic Boost  
  13  1:49  Zergling x2  
  13  1:50  Zergling x2  
  13  1:53  Zergling x2  
  16  2:01  Zergling x2  
  17  2:13  Zergling x2  
  18  2:46  Overlord  
  18  2:47  Drone  
  18  2:48  Drone x2  
  21  2:58  Hatchery  
  21  3:16  Hatchery  
Tags
 
Matchup
PvZ
Opening
Pool First
Replay Pack
Multiplayer
Spawn Locations
Cross Positions
Add a new tag
Caveats
  • Supply blocks, unpowered buildings, or Contaminate may cause inaccurate times.
  • Supply counts are checked every 10 seconds.